[Event "GAMMA Reykjavik Open 2019"]
[Site "Reykjavik"]
[Date "2019.04.16"]
[Round "9.5"]
[White "Salomon, Johan"]
[Black "Hovhannisyan, Robert"]
[Result "1/2-1/2"]
[ECO "A07"]
[WhiteElo "2495"]
[BlackElo "2630"]
[Annotator "RC"]
[PlyCount "157"]
[EventDate "2019.04.04"]
[EventType "swiss"]
[EventCountry "ISL"]
[SourceTitle "playchess.com"]
[Source "ChessBase"]
[SourceQuality "1"]
[TimeControl "40/5400+30:1800+30"]

1. Nf3 d5 2. g3 Bg4 3. Bg2 e6 4. h3 Bh5 5. d4 Nf6 6. O-O Be7 7. c4 c6 8. Ne5 Nfd7 9. Nd3 Bg6 10. Nc3 dxc4 11. Nf4 O-O 12. h4 e5 13. dxe5 Nxe5 14. Nxg6 hxg6 15. Qc2 Na6 16. Bf4 Qa5 17. Qe4 Bf6 18. Bxe5 Bxe5 19. Qxc4 Rad8 20. Rfd1 Qc5 21. Qxc5 Nxc5 22. Rxd8 Rxd8 23. Rd1 Rxd1+ 24. Nxd1 a5 25. Kf1 a4 26. Ke1 Kf8 27. Kd2 Ke7 28. Kc2 Na6 29. a3 Nc5 30. Bf3 Kd7 31. e3 b5 32. Bg4+ f5 33. Bh3 Ke6 34. f4 Bf6 35. Nf2 Nb3 36. Bg2 Na5 37. e4 Nc4 38. exf5+ gxf5 39. Bxc6 Bxb2 40. Bxb5 Nxa3+ 41. Kxb2 Nxb5 42. h5 Nd6 43. g4 Ne4 44. gxf5+ Kxf5 45. Nd3 Nf6 46. Ka3 Nxh5 47. Kxa4 Ke4 48. Nc5+ Kd5 49. Nd3 Kd4 50. Ne5 Nxf4 51. Nf7 Kc4 52. Ng5 Nd3 53. Ka3 g6 54. Ka2 Kc3 55. Kb1 Kd2 56. Nf7 Ne1 57. Ng5 Nc2 58. Nf3+ Kd1 59. Kb2 Ne1 60. Ng5 Kd2 61. Kb3 Kd3 62. Kb2 Kd2 63. Kb3 Ke3 64. Kc3 Nf3 65. Nf7 Ke4 66. Kc2 Ne5 67. Nd6+ Kf4 68. Kd2 g5 69. Ke2 g4 70. Ne8 Kg5 71. Nd6 Kf4 72. Ne8 Kg5 73. Nd6 Nd7 74. Ne4+ Kf4 75. Nf2 g3 76. Nh3+ Kg4 77. Nf2+ Kh4 78. Kf1 Nf6 79. Nh1 1/2-1/2

[Event "GAMMA Reykjavik Open 2019"]
[Site "Reykjavik"]
[Date "2019.04.16"]
[Round "9.9"]
[White "Kjartansson, Gudmundur"]
[Black "Stefansson, Hannes"]
[Result "0-1"]
[ECO "D78"]
[WhiteElo "2444"]
[BlackElo "2558"]
[Annotator "ChessBase"]
[PlyCount "60"]
[EventDate "2019.04.04"]
[EventType "swiss"]
[EventCountry "ISL"]
[SourceTitle "playchess.com"]
[Source "ChessBase"]
[SourceQuality "1"]
[TimeControl "40/5400+30:1800+30"]

1. Nf3 d5 2. c4 c6 3. g3 g6 4. Bg2 Bg7 5. d4 Nf6 6. O-O O-O 7. Qb3 Qb6 8. Nc3 Rd8 9. Be3 Be6 10. c5 Qc7 11. Bf4 Qc8 12. Ng5 Bd7 13. e4 h6 14. Nxd5 cxd5 15. Nxf7 Kxf7 16. exd5 e6 17. dxe6+ Bxe6 18. Qxb7+ Qxb7 19. Bxb7 Bd5 20. Bxa8 Bxa8 21. Be3 Nc6 22. Rfd1 Nd5 23. a3 a5 24. Rac1 Rb8 25. Rc2 Rb3 26. Re2 Bb7 27. Rdd2 Nce7 28. g4 g5 29. h3 Bc6 30. Re1 Ng6 0-1

[Event "GAMMA Reykjavik Open 2019"]
[Site "Reykjavik"]
[Date "2019.04.16"]
[Round "9.11"]
[White "Astaneh Lopez, Alex"]
[Black "Van Foreest, Jorden"]
[Result "0-1"]
[ECO "A92"]
[WhiteElo "2427"]
[BlackElo "2598"]
[Annotator "ChessBase"]
[PlyCount "56"]
[EventDate "2019.04.04"]
[EventType "swiss"]
[EventCountry "ISL"]
[SourceTitle "playchess.com"]
[Source "ChessBase"]
[SourceQuality "1"]
[TimeControl "40/5400+30:1800+30"]

1. d4 f5 2. g3 Nf6 3. Bg2 e6 4. c4 Be7 5. Nf3 O-O 6. d5 a5 7. O-O Na6 8. Bf4 Nc5 9. d6 cxd6 10. Bxd6 Bxd6 11. Qxd6 Nfe4 12. Qd4 b6 13. Nc3 Bb7 14. Rad1 Qf6 15. Ne5 d6 16. Nxe4 fxe4 17. Qxd6 Rad8 18. Qxb6 Rxd1 19. Qxc5 Rd2 20. Qe3 Qh6 21. Qb6 Ba8 22. Re1 Qf6 23. f4 exf3 24. exf3 Qf5 25. g4 Qf6 26. Qe3 Qf4 27. Qc3 h5 28. h3 Rfd8 0-1

[Event "GAMMA Reykjavik Open 2019"]
[Site "Reykjavik"]
[Date "2019.04.16"]
[Round "9.12"]
[White "Low, Zhen Yu Cyrus"]
[Black "Kanarek, Marcel"]
[Result "1/2-1/2"]
[ECO "B32"]
[WhiteElo "2418"]
[BlackElo "2505"]
[Annotator "ChessBase"]
[PlyCount "150"]
[EventDate "2019.04.04"]
[EventType "swiss"]
[EventCountry "ISL"]
[SourceTitle "playchess.com"]
[Source "ChessBase"]
[SourceQuality "1"]
[TimeControl "40/5400+30:1800+30"]

1. e4 c5 2. Nf3 Nc6 3. d4 cxd4 4. Nxd4 e5 5. Nb5 d6 6. c4 Be7 7. N1c3 a6 8. Na3 Be6 9. Nc2 Bg5 10. Be2 Bxc1 11. Rxc1 Nf6 12. O-O O-O 13. b3 Qa5 14. Qd2 b5 15. b4 Nxb4 16. Nd5 Bxd5 17. exd5 Nc6 18. Qxa5 Nxa5 19. cxb5 axb5 20. Nb4 Rfb8 21. f4 e4 22. Nc6 Nxc6 23. dxc6 Rxa2 24. Rfd1 d5 25. Bxb5 Ra7 26. g4 Rc7 27. Be2 Rb2 28. Kf1 h5 29. h3 hxg4 30. hxg4 e3 31. Rd3 Rb4 32. Rxe3 Rxf4+ 33. Kg2 Ne4 34. Bf3 Rf6 35. Bxe4 dxe4 36. Rxe4 Rfxc6 37. Rxc6 Rxc6 38. Ra4 Rc3 39. Ra5 Kh7 40. Ra6 f6 41. Kf2 Kg6 42. Ra7 Kh6 43. Rb7 Rh3 44. Ra7 Rd3 45. Ra5 Rd7 46. Kf3 Re7 47. Kf4 g5+ 48. Kf3 Rb7 49. Rf5 Rb3+ 50. Kg2 Kg6 51. Rf1 Re3 52. Rf2 Kf7 53. Rf1 Ke6 54. Rf2 Rc3 55. Rf1 Rc6 56. Kg3 Ke5 57. Re1+ Kd4 58. Rd1+ Ke4 59. Re1+ Kd3 60. Kf3 Rc4 61. Rd1+ Kc2 62. Rd6 Rf4+ 63. Kg3 Kc3 64. Rd1 Rd4 65. Rf1 Rd3+ 66. Kg2 Rd6 67. Rf3+ Kd2 68. Rf2+ Ke3 69. Rf3+ Ke4 70. Rf1 Rd2+ 71. Kg3 Rd3+ 72. Kg2 Ke5 73. Rf5+ Ke6 74. Rf1 Re3 75. Rf2 Ke5 1/2-1/2

[Event "GAMMA Reykjavik Open 2019"]
[Site "Reykjavik"]
[Date "2019.04.16"]
[Round "9.13"]
[White "Tang, Andrew"]
[Black "Yoo, Christopher Woojin"]
[Result "1-0"]
[ECO "A48"]
[WhiteElo "2501"]
[BlackElo "2414"]
[Annotator "ChessBase"]
[PlyCount "81"]
[EventDate "2019.04.04"]
[EventType "swiss"]
[EventCountry "ISL"]
[SourceTitle "playchess.com"]
[Source "ChessBase"]
[SourceQuality "1"]
[TimeControl "40/5400+30:1800+30"]

1. d4 Nf6 2. Nf3 g6 3. Nbd2 c5 4. dxc5 Qa5 5. a3 Qxc5 6. b4 Qc7 7. Bb2 Bg7 8. c4 d6 9. g3 b6 10. Bg2 Bb7 11. O-O O-O 12. Rc1 Nbd7 13. Qb3 Rac8 14. Rfd1 a6 15. Nf1 Qb8 16. Ne3 b5 17. Bh3 bxc4 18. Nxc4 Rc7 19. Na5 Rxc1 20. Rxc1 Bh6 21. Rd1 Be4 22. Nd2 Bd5 23. Qd3 Nc5 24. Qc2 Nce4 25. Nxe4 Bxe4 26. Qc4 Qa8 27. Bxf6 exf6 28. Rxd6 f5 29. Qxa6 Qe8 30. Bg2 Bxg2 31. Kxg2 Qe4+ 32. f3 Qe5 33. Qd3 Qb2 34. Nc4 Qa2 35. Rd8 Rxd8 36. Qxd8+ Bf8 37. Qd3 Qa1 38. f4 h5 39. Ne5 h4 40. Qd5 h3+ 41. Kf2 1-0

[Event "GAMMA Reykjavik Open 2019"]
[Site "Reykjavik"]
[Date "2019.04.16"]
[Round "9.14"]
[White "Tania, Sachdev"]
[Black "Loiseau, Quentin"]
[Result "0-1"]
[ECO "E04"]
[WhiteElo "2397"]
[BlackElo "2461"]
[Annotator "ChessBase"]
[PlyCount "54"]
[EventDate "2019.04.04"]
[EventType "swiss"]
[EventCountry "ISL"]
[SourceTitle "playchess.com"]
[Source "ChessBase"]
[SourceQuality "1"]
[TimeControl "40/5400+30:1800+30"]

1. d4 d5 2. c4 c6 3. Nf3 Nf6 4. Nc3 e6 5. g3 dxc4 6. Bg2 b5 7. Ne5 a6 8. O-O Bb7 9. a4 Qc8 10. Bg5 Nbd7 11. Bxf6 Nxf6 12. e3 Rb8 13. Ne4 Nxe4 14. Bxe4 Bd6 15. Qh5 Qc7 16. axb5 cxb5 17. Bxb7 Qxb7 18. Rxa6 g6 19. Qf3 Bxe5 20. Qxb7 Rxb7 21. dxe5 O-O 22. Rd1 Rc8 23. Rdd6 b4 24. Rac6 Rxc6 25. Rxc6 c3 26. b3 Ra7 27. Kf1 Ra3 0-1

[Event "GAMMA Reykjavik Open 2019"]
[Site "Reykjavik"]
[Date "2019.04.16"]
[Round "9.15"]
[White "Ragnarsson, Dagur"]
[Black "Kevlishvili, Robby"]
[Result "0-1"]
[ECO "D43"]
[WhiteElo "2380"]
[BlackElo "2451"]
[Annotator "ChessBase"]
[PlyCount "126"]
[EventDate "2019.04.04"]
[EventType "swiss"]
[EventCountry "ISL"]
[SourceTitle "playchess.com"]
[Source "ChessBase"]
[SourceQuality "1"]
[TimeControl "40/5400+30:1800+30"]

1. d4 d5 2. c4 c6 3. Nc3 Nf6 4. Nf3 e6 5. Bg5 h6 6. Bxf6 Qxf6 7. e3 Nd7 8. Bd3 dxc4 9. Bxc4 g6 10. O-O Bg7 11. e4 O-O 12. e5 Qe7 13. Re1 Rd8 14. Bd3 b5 15. Rc1 Bb7 16. Qe2 c5 17. Nxb5 a6 18. Nd6 Bxf3 19. Qxf3 cxd4 20. Nc4 Rac8 21. Rcd1 Qb4 22. Qe2 Rxc4 23. Bxc4 Nxe5 24. Bxa6 d3 25. Qd2 Qa4 26. Rxe5 Bxe5 27. Bxd3 Qxa2 28. g3 Qxb2 29. Qxb2 Bxb2 30. Kg2 Kg7 31. h3 Bd4 32. f4 Bc5 33. Kf3 Ra8 34. g4 Ra2 35. f5 gxf5 36. gxf5 e5 37. Rc1 Bd4 38. Rc2 Ra3 39. Ke4 Ra1 40. Kf3 Rh1 41. Kg3 Rd1 42. Be4 Re1 43. Bd5 Rf1 44. Bf3 Kf6 45. Rc6+ Kxf5 46. Rxh6 e4 47. Be2 Rg1+ 48. Kh2 Rc1 49. Kg3 Rc3+ 50. Kg2 Rc2 51. Kf1 Kf4 52. Ra6 f5 53. h4 Ke3 54. Ra3+ Bc3 55. Bb5 f4 56. h5 f3 57. Kg1 Kf4 58. Ra8 Bd4+ 59. Kh1 Kg3 60. Rg8+ Kh4 61. Re8 Rc1+ 62. Kh2 Bg1+ 63. Kh1 Bf2+ 0-1

[Event "GAMMA Reykjavik Open 2019"]
[Site "Reykjavik"]
[Date "2019.04.16"]
[Round "9.16"]
[White "Sowray, Peter J"]
[Black "Korley, Kassa"]
[Result "0-1"]
[ECO "A14"]
[WhiteElo "2356"]
[BlackElo "2440"]
[Annotator "NA"]
[PlyCount "122"]
[EventDate "2019.04.04"]
[EventType "swiss"]
[EventCountry "ISL"]
[SourceTitle "playchess.com"]
[Source "ChessBase"]
[SourceQuality "1"]
[TimeControl "40/5400+30:1800+30"]

1. c4 e6 2. g3 d5 3. Bg2 Nf6 4. Nf3 Be7 5. O-O O-O 6. b3 b6 7. Bb2 Bb7 8. e3 Nbd7 9. Nc3 c5 $11 10. Qe2 Rc8 11. Ne1 Qc7 12. f4 dxc4 13. bxc4 Bxg2 14. Qxg2 Rfd8 15. g4 Nb8 16. g5 Ne8 17. Nf3 Nd6 18. Nb5 Qb7 19. Nxd6 Rxd6 20. Bc3 Rcd8 21. Ne5 Qxg2+ 22. Kxg2 f6 23. gxf6 Bxf6 24. Kf3 Bxe5 25. fxe5 R6d7 26. Ke4 Nc6 27. Rf4 h6 28. Rb1 Ne7 29. a4 Nc6 30. h4 h5 31. Rb5 Rxd2 32. Bxd2 Rxd2 33. Rb1 Ra2 34. Rg1 Rxa4 35. Rg5 Rxc4+ 36. Kd3 Rc1 37. Rf3 Rd1+ 38. Kc4 Rd5 39. Rfg3 Nxe5+ 40. Kb5 c4+ 41. Kb4 a5+ 42. Kc3 Rd3+ 43. Kb2 Ng4 44. Rxh5 Nxe3 45. Rhg5 Rd2+ 46. Kc1 Rd1+ 47. Kb2 Nf5 48. Rg1 Rd3 49. Ra1 Rb3+ 50. Kc1 Nd4 51. Rb1 Rc3+ 52. Kb2 Rc2+ 53. Ka3 b5 54. Rb2 b4+ 55. Ka2 b3+ 56. Kb1 a4 57. Ra5 c3 58. Ra8+ Kf7 59. Rxc2 Nxc2 60. Rxa4 e5 61. Kc1 Ne1 0-1

[Event "GAMMA Reykjavik Open 2019"]
[Site "Reykjavik"]
[Date "2019.04.16"]
[Round "9.18"]
[White "Borocz, Istvan"]
[Black "Potkin, Vladimir"]
[Result "0-1"]
[ECO "D01"]
[WhiteElo "2350"]
[BlackElo "2597"]
[Annotator "ChessBase"]
[PlyCount "70"]
[EventDate "2019.04.04"]
[EventType "swiss"]
[EventCountry "ISL"]
[SourceTitle "playchess.com"]
[Source "ChessBase"]
[SourceQuality "1"]
[TimeControl "40/5400+30:1800+30"]

1. Nc3 d5 2. d4 Nf6 3. Bg5 Nbd7 4. Nf3 e6 5. e3 c5 6. Bd3 c4 7. Be2 Bb4 8. O-O Bxc3 9. bxc3 Qa5 10. Qb1 Qxc3 11. a4 Ne4 12. Bf4 Qa5 13. Qb2 Nc3 14. Rfe1 Nxa4 15. Qa3 b5 16. e4 Bb7 17. exd5 Bxd5 18. Ng5 h6 19. Nh3 O-O-O 20. Qe7 g5 21. Bd6 Qb6 22. Bc5 Ndxc5 23. dxc5 Qc7 24. Qf6 Nxc5 25. Bh5 a6 26. f3 Kb7 27. Nf2 Qf4 28. Qc3 f5 29. Qg7+ Qc7 30. Qc3 Rhg8 31. Qe3 Qb6 32. Qe5 Nd7 33. Qe2 Rg7 34. f4 g4 35. Rad1 Nf6 0-1

[Event "GAMMA Reykjavik Open 2019"]
[Site "Reykjavik"]
[Date "2019.04.16"]
[Round "9.19"]
[White "Christiansen, Johan-Sebastian"]
[Black "Stefansson, Vignir Vatnar"]
[Result "0-1"]
[ECO "B31"]
[WhiteElo "2571"]
[BlackElo "2293"]
[Annotator "ChessBase"]
[PlyCount "105"]
[EventDate "2019.04.04"]
[EventType "swiss"]
[EventCountry "ISL"]
[SourceTitle "playchess.com"]
[Source "ChessBase"]
[SourceQuality "1"]
[TimeControl "40/5400+30:1800+30"]

1. e4 c5 2. Nf3 Nc6 3. Bb5 g6 4. O-O Bg7 5. Re1 Nf6 6. e5 Nd5 7. Nc3 Nc7 8. Bxc6 dxc6 9. Ne4 Ne6 10. d3 O-O 11. Be3 b6 12. Qd2 Re8 13. Bh6 Bh8 14. Ng3 Ng7 15. a3 Nf5 16. Bf4 Nxg3 17. Bxg3 Bg4 18. Ng5 Bf5 19. e6 f6 20. Nf7 Qd5 21. Nh6+ Kf8 22. Qe3 Bg7 23. Nxf5 Qxf5 24. b4 cxb4 25. axb4 Red8 26. Ra4 Qd5 27. Bc7 Rdc8 28. Bf4 f5 29. Bh6 Rd8 30. b5 Qc5 31. d4 Qxb5 32. c4 f4 33. Qa3 Qf5 34. Bxg7+ Kxg7 35. Qxe7+ Kh6 36. Qh4+ Kg7 37. Qe7+ Kh6 38. d5 cxd5 39. Qh4+ Kg7 40. e7 Re8 41. cxd5 Qxd5 42. Rxf4 Qd6 43. Rfe4 Qf6 44. Qg4 Rac8 45. Re6 Qf7 46. h4 Rc5 47. Qd4+ Kg8 48. Rf6 Rd5 49. Qc3 Rc5 50. Qf3 Qg7 51. Rf8+ Rxf8 52. e8=Q Rcf5 53. Qb3+ 0-1

[Event "GAMMA Reykjavik Open 2019"]
[Site "Reykjavik"]
[Date "2019.04.16"]
[Round "9.20"]
[White "Chittka, Julius"]
[Black "Gretarsson, Hjorvar Steinn"]
[Result "0-1"]
[ECO "E52"]
[WhiteElo "2268"]
[BlackElo "2571"]
[Annotator "ChessBase"]
[PlyCount "72"]
[EventDate "2019.04.04"]
[EventType "swiss"]
[EventCountry "ISL"]
[SourceTitle "playchess.com"]
[Source "ChessBase"]
[SourceQuality "1"]
[TimeControl "40/5400+30:1800+30"]

1. d4 Nf6 2. c4 e6 3. Nc3 Bb4 4. e3 O-O 5. Bd3 d5 6. Nf3 b6 7. O-O Bb7 8. cxd5 exd5 9. Ne5 Re8 10. Bd2 Bd6 11. f4 c5 12. Be1 Ba6 13. Bh4 Bxd3 14. Qxd3 Be7 15. Rad1 Nbd7 16. Qf5 g6 17. Qh3 Rc8 18. f5 cxd4 19. exd4 Nf8 20. Qf3 Kg7 21. fxg6 hxg6 22. Bxf6+ Bxf6 23. Nxd5 Nh7 24. Rd2 Re6 25. h4 Qd6 26. Rdf2 Rd8 27. Nxf6 Rxf6 28. Qb7 Qxd4 29. Nc6 Qxf2+ 30. Rxf2 Rd1+ 31. Kh2 Rxf2 32. Qxa7 Rdd2 33. Qxb6 Rxg2+ 34. Kh3 Rge2 35. Kg3 Rd3+ 36. Kf4 Nf6 0-1

[Event "GAMMA Reykjavik Open 2019"]
[Site "Reykjavik"]
[Date "2019.04.16"]
[Round "9.22"]
[White "Cornette, Matthieu"]
[Black "Abbas, Daniel"]
[Result "1-0"]
[ECO "B23"]
[WhiteElo "2556"]
[BlackElo "2253"]
[Annotator "ChessBase"]
[PlyCount "55"]
[EventDate "2019.04.04"]
[EventType "swiss"]
[EventCountry "ISL"]
[SourceTitle "playchess.com"]
[Source "ChessBase"]
[SourceQuality "1"]
[TimeControl "40/5400+30:1800+30"]

1. e4 c5 2. Nc3 a6 3. g3 b5 4. Bg2 Bb7 5. Nh3 e6 6. d3 Nf6 7. O-O d6 8. f4 Nc6 9. f5 exf5 10. exf5 Be7 11. Nd5 Nxd5 12. Bxd5 O-O 13. Nf4 Ra7 14. c3 Bf6 15. Qf3 Ne5 16. Qe4 Bxd5 17. Nxd5 Re8 18. Nxf6+ gxf6 19. d4 d5 20. Qh4 cxd4 21. cxd4 Nc4 22. Bh6 Kh8 23. Rae1 Rg8 24. Rf4 Nd6 25. Rg4 Rxg4 26. Qxg4 Qg8 27. Qf4 Rd7 28. Re7 1-0

[Event "GAMMA Reykjavik Open 2019"]
[Site "Reykjavik"]
[Date "2019.04.16"]
[Round "9.23"]
[White "Praggnanandhaa R"]
[Black "Stoyanov, Viktor"]
[Result "1-0"]
[ECO "E60"]
[WhiteElo "2537"]
[BlackElo "2238"]
[Annotator "ChessBase"]
[PlyCount "125"]
[EventDate "2019.04.04"]
[EventType "swiss"]
[EventCountry "ISL"]
[SourceTitle "playchess.com"]
[Source "ChessBase"]
[SourceQuality "1"]
[TimeControl "40/5400+30:1800+30"]

1. Nf3 Nf6 2. g3 c5 3. Bg2 g6 4. b3 Bg7 5. Bb2 O-O 6. c4 Nc6 7. O-O d6 8. d4 cxd4 9. Nxd4 Bd7 10. Nc3 Qb6 11. e3 a5 12. Ndb5 Bg4 13. Qd2 Ne5 14. f4 Nc6 15. h3 Bd7 16. Kh2 Rfc8 17. e4 Qd8 18. Rad1 Be6 19. Na4 Rab8 20. Qf2 Qf8 21. Rd2 Rd8 22. Rfd1 Ne8 23. Ba3 h5 24. c5 dxc5 25. Nxc5 Rxd2 26. Rxd2 Bc8 27. e5 g5 28. Bxc6 bxc6 29. Rd8 cxb5 30. Rxc8 Rxc8 31. Nd7 b4 32. Nxf8 Kxf8 33. Bb2 gxf4 34. gxf4 Bh6 35. Bd4 Nc7 36. Qc2 Bxf4+ 37. Kh1 Rd8 38. Bb6 Bxe5 39. Bxc7 Bxc7 40. Qxc7 Rd1+ 41. Kg2 Rd2+ 42. Kf3 Rxa2 43. Qb8+ Kg7 44. Qe5+ Kg8 45. Qg5+ Kf8 46. Qxh5 e6 47. Ke4 a4 48. Qh8+ Ke7 49. Qh4+ Ke8 50. bxa4 Rxa4 51. Ke5 Ra5+ 52. Kf6 b3 53. Qb4 Rf5+ 54. Kg7 Rg5+ 55. Kh6 Rg6+ 56. Kh7 Rg5 57. Qxb3 Rh5+ 58. Kg7 Rg5+ 59. Kh6 Rf5 60. h4 Ke7 61. Kg7 Rd5 62. Qb7+ Ke8 63. Qxf7+ 1-0

[Event "GAMMA Reykjavik Open 2019"]
[Site "Reykjavik"]
[Date "2019.04.16"]
[Round "9.25"]
[White "Hambleton, Aman"]
[Black "Le Goff, Ronan"]
[Result "1-0"]
[ECO "D35"]
[WhiteElo "2484"]
[BlackElo "2186"]
[Annotator "ChessBase"]
[PlyCount "83"]
[EventDate "2019.04.04"]
[EventType "swiss"]
[EventCountry "ISL"]
[SourceTitle "playchess.com"]
[Source "ChessBase"]
[SourceQuality "1"]
[TimeControl "40/5400+30:1800+30"]

1. c4 e6 2. d4 d5 3. Nc3 Nf6 4. cxd5 exd5 5. Bg5 Be7 6. e3 c6 7. Bd3 Nbd7 8. Nge2 h6 9. Bh4 Nh5 10. Bxe7 Qxe7 11. g4 Nhf6 12. h3 Nb6 13. Qc2 Bd7 14. O-O-O O-O-O 15. Kb1 Kb8 16. Ng3 g6 17. Rhe1 h5 18. g5 Ne8 19. h4 Bg4 20. Be2 Bxe2 21. Ncxe2 Nd6 22. Nf4 Rhe8 23. f3 Ndc4 24. e4 Qb4 25. Qc3 Qb5 26. b3 Na4 27. Qc1 Na5 28. Ka1 Nb6 29. e5 Rg8 30. e6 fxe6 31. Nxe6 Rd7 32. f4 Qb4 33. f5 gxf5 34. Nxh5 Rc8 35. Nf6 Re7 36. Re3 c5 37. Nxc5 Rxe3 38. Qxe3 Qa3 39. g6 Na4 40. Rb1 Rxc5 41. dxc5 Nxc5 42. Qxc5 1-0

[Event "GAMMA Reykjavik Open 2019"]
[Site "Reykjavik"]
[Date "2019.04.16"]
[Round "9.26"]
[White "Saduakassova, Dinara"]
[Black "Salles, Louis"]
[Result "1-0"]
[ECO "B51"]
[WhiteElo "2461"]
[BlackElo "2221"]
[Annotator "ChessBase"]
[PlyCount "97"]
[EventDate "2019.04.04"]
[EventType "swiss"]
[EventCountry "ISL"]
[SourceTitle "playchess.com"]
[Source "ChessBase"]
[SourceQuality "1"]
[TimeControl "40/5400+30:1800+30"]

1. e4 c5 2. Nf3 d6 3. Bb5+ Nd7 4. O-O Ngf6 5. Re1 a6 6. Bf1 b6 7. c4 Bb7 8. Nc3 Ne5 9. d3 e6 10. Be3 Be7 11. d4 cxd4 12. Bxd4 Qc7 13. Rc1 O-O 14. Qe2 Rac8 15. b3 Qb8 16. Red1 Nxf3+ 17. Qxf3 e5 18. Bxb6 Nxe4 19. Nd5 Bxd5 20. cxd5 Ng5 21. Qe3 f5 22. Ba7 Rxc1 23. Rxc1 Qe8 24. f3 Qg6 25. Rc7 Bd8 26. Rb7 f4 27. Qd3 e4 28. fxe4 f3 29. g3 Qf6 30. Bd4 f2+ 31. Kh1 Qf3+ 32. Qxf3 Rxf3 33. Rxg7+ Kf8 34. Kg2 Rf7 35. Rxf7+ Kxf7 36. Kxf2 Nxe4+ 37. Ke3 Nf6 38. Bxf6 Kxf6 39. Bxa6 Ke5 40. Bb7 h5 41. b4 Bb6+ 42. Kd3 Bg1 43. h3 Bf2 44. g4 h4 45. a4 Kf4 46. Bc8 Be1 47. Kc4 Bd2 48. a5 Kg3 49. a6 1-0

[Event "GAMMA Reykjavik Open 2019"]
[Site "Reykjavik"]
[Date "2019.04.16"]
[Round "9.27"]
[White "Maisuradze, Nino"]
[Black "Suleymenov, Alisher"]
[Result "0-1"]
[ECO "A50"]
[WhiteElo "2168"]
[BlackElo "2431"]
[Annotator "NA"]
[PlyCount "68"]
[EventDate "2019.04.04"]
[EventType "swiss"]
[EventCountry "ISL"]
[SourceTitle "playchess.com"]
[Source "ChessBase"]
[SourceQuality "1"]
[TimeControl "40/5400+30:1800+30"]

1. d4 Nf6 2. c4 Nc6 3. Nc3 e5 4. d5 Ne7 5. h4 Neg8 6. e3 Bb4 7. Bd2 Ne7 8. Bd3 O-O 9. Qc2 d6 10. Nge2 c6 11. e4 a6 12. f3 Nd7 13. a3 Bxc3 14. Nxc3 Nc5 15. dxc6 bxc6 16. Be3 Rb8 17. b4 Ne6 18. Qf2 f5 19. exf5 Nxf5 20. Bxf5 Rxf5 21. Rd1 Bb7 22. c5 d5 23. Ne4 a5 24. Nd6 Rf8 25. Qb2 d4 26. Qa2 Qd7 27. Nc4 Qd5 28. Qc2 axb4 29. axb4 Ba6 30. Nb6 Rxb6 31. cxb6 Rxf3 32. Bf2 Rc3 33. b7 Rxc2 34. b8=Q+ Nf8 0-1

[Event "GAMMA Reykjavik Open 2019"]
[Site "Reykjavik"]
[Date "2019.04.16"]
[Round "9.28"]
[White "Eggleston, David J"]
[Black "Ingvason, Johann"]
[Result "1/2-1/2"]
[ECO "C92"]
[WhiteElo "2401"]
[BlackElo "2181"]
[Annotator "NA"]
[PlyCount "83"]
[EventDate "2019.04.04"]
[EventType "swiss"]
[EventCountry "ISL"]
[SourceTitle "playchess.com"]
[Source "ChessBase"]
[SourceQuality "1"]
[TimeControl "40/5400+30:1800+30"]

1. e4 e5 2. Nf3 Nc6 3. Bb5 a6 4. Ba4 Nf6 5. d3 d6 6. c3 Be7 7. O-O O-O 8. Re1 h6 9. h3 b5 10. Bc2 Re8 11. Nbd2 Bf8 12. a4 Bb7 13. d4 exd4 14. cxd4 Nb4 15. Bb1 c5 16. b3 Rc8 17. axb5 axb5 18. Ba3 Qa5 19. Bb2 Qb6 20. Bc3 g6 21. d5 Bg7 22. Nf1 Nd7 23. Bxg7 Kxg7 24. Qd2 Ra8 25. Rxa8 Bxa8 26. h4 Ne5 27. Nxe5 dxe5 28. h5 Qd6 29. Ne3 Nc6 30. hxg6 fxg6 31. Ng4 g5 32. Ne3 Rf8 33. Nf5+ Rxf5 34. exf5 Nd4 35. Qa5 Bxd5 36. Bd3 Kf6 37. Bxb5 Bxg2 38. Kxg2 Qd5+ 39. Kg1 Nf3+ 40. Kf1 Nh2+ 41. Kg1 Nf3+ 42. Kf1 1/2-1/2

[Event "GAMMA Reykjavik Open 2019"]
[Site "Reykjavik"]
[Date "2019.04.16"]
[Round "9.29"]
[White "Baldursson, Hrannar"]
[Black "Pigott, John C"]
[Result "0-1"]
[ECO "E06"]
[WhiteElo "2122"]
[BlackElo "2384"]
[Annotator "NA"]
[PlyCount "118"]
[EventDate "2019.04.04"]
[EventType "swiss"]
[EventCountry "ISL"]
[SourceTitle "playchess.com"]
[Source "ChessBase"]
[SourceQuality "1"]
[TimeControl "40/5400+30:1800+30"]

1. c4 e6 2. g3 d5 3. Bg2 Nf6 4. cxd5 exd5 5. Nf3 Be7 6. O-O O-O 7. d4 c6 8. Nc3 Bf5 $11 9. Nh4 Be6 10. Qd3 Re8 11. Nf5 Bb4 12. Bg5 Nbd7 13. e4 dxe4 14. Bxe4 Qa5 15. f3 Rad8 16. a3 Bf8 17. b4 Qb6 18. Na4 Qc7 19. Bf4 Qc8 20. Rac1 Nxe4 21. fxe4 Nb6 22. Nxb6 axb6 23. Bg5 f6 24. Be3 Qd7 25. d5 cxd5 26. Bxb6 dxe4 27. Qxe4 Rc8 28. Bc5 b6 29. Be3 Rxc1 30. Bxc1 b5 31. Qf3 Bc4 32. Rd1 Qa7+ 33. Kg2 Re2+ 34. Kh3 Rf2 35. Qe3 Qf7 36. Qxf2 Qh5+ 37. Kg2 Qxd1 38. Bb2 Bd5+ 39. Kh3 Qh5+ 40. Nh4 g5 41. Qf5 Qf7 42. Qxf6 Qxf6 43. Bxf6 gxh4 44. Kxh4 Kf7 45. Bd4 Bf3 46. Kg5 Ke6 47. Bb2 Kd5 48. Kf6 Kc4 49. Be5 Kb3 50. Kf7 Bh6 51. Bf4 Bxf4 52. gxf4 Be4 53. Ke6 Kxa3 54. f5 Kxb4 55. f6 Bg6 56. h4 Kc5 57. f7 Bxf7+ 58. Kxf7 b4 59. Kg7 h5 0-1

[Event "GAMMA Reykjavik Open 2019"]
[Site "Reykjavik"]
[Date "2019.04.16"]
[Round "9.30"]
[White "Van de Plassche, Bas"]
[Black "Maroroa, Sue"]
[Result "0-1"]
[ECO "A65"]
[WhiteElo "2376"]
[BlackElo "2128"]
[Annotator "NA"]
[PlyCount "60"]
[EventDate "2019.04.04"]
[EventType "swiss"]
[EventCountry "ISL"]
[SourceTitle "playchess.com"]
[Source "ChessBase"]
[SourceQuality "1"]
[TimeControl "40/5400+30:1800+30"]

1. d4 Nf6 2. c4 g6 3. Nc3 Bg7 4. e4 d6 5. f3 O-O 6. Nge2 c5 7. d5 e6 8. Ng3 exd5 9. cxd5 Nh5 10. Nxh5 gxh5 11. Bd3 f5 12. O-O f4 13. Ne2 Be5 14. Rb1 h4 15. Kh1 Kh8 16. Bd2 a6 17. a4 a5 18. Bb5 Bd7 19. g3 hxg3 20. hxg3 Bh3 21. Nxf4 Bxf4 22. Bxf4 Rxf4 23. gxf4 Bxf1 24. Qxf1 Qh4+ 25. Kg2 Nc6 26. Qe1 Rg8+ 27. Kf1 Qh2 28. Qc3+ Nd4 29. Ke1 Rg1+ 30. Bf1 Qe2# 0-1

[Event "GAMMA Reykjavik Open 2019"]
[Site "Reykjavik"]
[Date "2019.04.16"]
[Round "9.31"]
[White "Vaishali R"]
[Black "Rice, Chris B"]
[Result "0-1"]
[ECO "C11"]
[WhiteElo "2353"]
[BlackElo "2026"]
[Annotator "NA"]
[PlyCount "91"]
[EventDate "2019.04.04"]
[EventType "swiss"]
[EventCountry "ISL"]
[SourceTitle "playchess.com"]
[Source "ChessBase"]
[SourceQuality "1"]
[TimeControl "40/5400+30:1800+30"]

1. e4 e6 2. d4 d5 3. Nc3 Nf6 4. e5 Nfd7 5. f4 c5 6. Nf3 Nc6 7. Be3 Be7 8. Qd2 O-O 9. Be2 a6 $11 {[%emt 0:13:13] LiveBook: 244 Games} 10. O-O Qc7 11. Nd1 cxd4 12. Nxd4 Nc5 13. Nf2 Bd7 14. c3 b5 15. Nxc6 Bxc6 16. Bd4 Rac8 17. Qe3 Bd7 18. b4 Na4 19. Bd3 f5 20. exf6 Bxf6 21. Ng4 Bxd4 22. cxd4 Nb2 23. Ne5 Nxd3 24. Nxd3 Qd6 25. Nc5 Rf5 26. Rf2 Rcf8 27. Raf1 h5 28. g3 R8f6 29. h3 Rh6 30. g4 hxg4 31. hxg4 Rf8 32. g5 Rh4 33. Qg3 Rh5 34. Qg4 g6 35. Rh2 Rxh2 36. Kxh2 Kg7 37. Kg2 Bc8 38. Qh4 Rh8 39. Qe1 Qe7 40. Qe5+ Kg8 41. Qb8 Kf7 42. Re1 Qe8 43. Nd3 e5 44. Qc7+ Kg8 45. Rxe5 Bh3+ 46. Kg1 0-1